Elbereth, lawful female human Valkyrie -------- ------ |<|>..`---....| |^|-.`...`.`..| |^||.`..|.....| |^||....|.....| |^|------.----| |.| |......| |.------......| |`....r......%| |.!-----......| ---- -------- Elbereth the Fighter Experience level: 7 Strength: 18/02 Dexterity: 13 Constitution: 18 Intelligence: 7 Wisdom: 8 Charisma: 9 Health: 8(8) Energy: 20(20) Def: 4 Gold: 232 Moves: 3008 Dungeon seed: zGm97AivRP-2G8Vy Game ID: Elbereth_1607683410 Your Inventory: Coins $ - 232 gold pieces Weapons b - a +0 dagger p - 5 +0 daggers Armor e - an uncursed +3 small shield Comestibles c - 3 uncursed food rations h - 2 cursed tins of goblin meat o - 5 uncursed fortune cookies v - 2 uncursed eggs w - an uncursed carrot Scrolls i - a blessed scroll of blank paper A - a cursed scroll of earth B - an uncursed scroll of earth Spellbooks g - an uncursed spellbook of slow monster Rings z - an uncursed ring of conflict Wands s - a wand of sleep (0:3) x - a wand of light (0:11) Tools d - an uncursed oil lamp (0:1403) k - 7 uncursed tallow candles (0:200) Spells and supernatural/magical abilities: Name Level Category Fail Memory W - pray for help -- divine ? -- Z - summon allies -- ability ? -- Your skills at the end: Fighting Skills Weapon Skills dagger [Basic] long sword [Basic] Spellcasting Skills Final Attributes: You were piously aligned. You were cold resistant. You were poison resistant. You were level-drain resistant. You were stealthy. You regenerated. You were a wererat. You were in beast form. You were fast. You were very unlucky. Tyr was angry with you. You are dead. Vanquished creatures: a gnome king a werewolf 3 water moccasins an imp an orc shaman a rock piercer a pony 2 shriekers 2 gnome lords 2 gnomish wizards a golden naga hatchling 2 elf zombies 4 giant ants a homunculus 2 kobold shamans a rabid rat an orc zombie a wererat an iguana an acid blob a coyote a gas spore 10 manes a large kobold 2 giant rats a yellow mold 14 gnomes 10 garter snakes 2 gnome zombies 2 geckos 4 jackals 2 foxes 4 goblins 2 sewer rats 2 grid bugs 5 bats a lichen 2 kobold zombies 4 newts 100 creatures vanquished. Voluntary challenges: You used a wielded weapon 112 times, starting on turn 78. You read items or engraved 4 times, starting on turn 30. You never genocided any monsters. You never polymorphed an object. You changed form 1 time, starting on turn 2995. You used no wishes. You never split a pudding. You never wrote Elbereth's name. You never violated your personal moral code. Dungeon overview: The Dungeons of Doom: levels 1 to 7 Level 1 a long staircase Level 2 stairs to The Gnomish Mines Level 3 Level 4 Level 5 Level 6 Level 7 a delicatessen stairs to Sokoban The Gnomish Mines: levels 3 to 5 Level 3 stairs to The Dungeons of Doom Level 4 Level 5 Sokoban: Level 6 <- You were here stairs to The Dungeons of Doom History has recorded: On T:1 you entered the Dungeons of Doom to retrieve the Amulet of Yendor! On T:189 you reached level 2 of The Dungeons of Doom. On T:363 you reached level 1 of The Gnomish Mines. On T:387 you advanced to experience level 2. On T:407 you advanced to experience level 3. On T:413 you advanced to experience level 4. On T:727 you advanced to experience level 5. On T:736 you reached level 3 of The Gnomish Mines. On T:1089 you reached level 3 of The Dungeons of Doom. On T:1341 you reached level 4 of The Dungeons of Doom. On T:1684 you reached level 5 of The Dungeons of Doom. On T:1734 you advanced to experience level 6. On T:1957 you reached level 6 of The Dungeons of Doom. On T:2334 you reached level 7 of The Dungeons of Doom. On T:2647 you reached level 4 of Sokoban. On T:2980 you advanced to experience level 7. Score breakdown: Gold: 232 ( 8052 points) Experience: 7 levels (13645 points) Exploration: 7 levels ( 13.73%) (10392 points) Discoveries: 5 items ( 2.04%) ( 4285 points) Valuables value: (no points given unless you survive) Artifact value: 0 ( 0 points) Variety of kills: 39 monsters ( 10.24%) ( 9598 points) Turncount: 3008 turns ( -603 points) Survival: died (score multiplied by 80%) Total score: 36295 Latest messages: You can cast it like a spell. You can't even move a handspan with this load! You begin praying to Tyr. You are surrounded by a shimmering light. You feel that Tyr is well-pleased. You feel much better. You collapse under your load. (2x) You begin praying to Tyr. You feel that Tyr is displeased. You begin praying to Tyr. The voice of Tyr booms out: "Thou art arrogant, creature." "Thou must relearn thy lessons!" You feel foolish! You begin praying to Tyr. The voice of Tyr thunders: "Thou hast angered me." Suddenly, a bolt of lightning strikes you! You fry to a crisp. Final status: Farvel Elbereth the Valkyrie, killed by the wrath of Tyr... You died in Sokoban on dungeon level 6 with 36295 points, and 232 pieces of gold, after 3008 moves. You were level 7 with a maximum of 68 hit points when you died.